 Dungeon Crawl Stone Soup version 0.19-a0-805-g0a78ef0 (webtiles) character file.

79 AlphabetPasta the Skirmisher (level 4, -2/30 HPs)
             Began as a Gargoyle Wanderer on June 27, 2016.
             Killed from afar by Natasha (7 damage)
             ... with a magic dart
             ... on level 2 of the Dungeon.
             The game lasted 00:08:05 (1105 turns).

AlphabetPasta the Skirmisher (Gargoyle Wanderer)    Turns: 1105, Time: 00:08:05

Health: -2/30      AC:  5    Str: 21    XL:     4   Next: 38%
Magic:  1/7        EV: 11    Int: 14    God:
Gold:   67         SH:  0    Dex:  8    Spells: 3 memorised, 2 levels left

rFire  . . .     SeeInvis .     a - +2 mace
rCold  . . .     Gourm    .     d - +0 robe
rNeg   + . .     Faith    .     (no shield)
rPois  ∞         Spirit   .     (no helmet)
rElec  +         Dismiss  .     (no cloak)
rCorr  .         Reflect  .     (no gloves)
SustAt .         Harm     .     (no boots)
MR     .....                    (no amulet)
Stlth  +.........               (no ring)
                                (no ring)

@: mighty, not resistant to hostile enchantments, very unstealthy
A: negative energy resistance 1, electricity resistance, unbreathing,
petrification resistance, rot immunity, AC +3
a: no special abilities


You were on level 2 of the Dungeon.
You were not hungry.

You visited 1 branch of the dungeon, and saw 2 of its levels.

You collected 67 gold pieces.

Inventory:

Hand Weapons
 a - a +2 mace (weapon)
Missiles
 b - 69 stones (quivered)
Armour
 d - a +0 robe (worn)
Scrolls
 h - 2 scrolls of fog {unknown}
 m - a scroll of noise {unknown}
 n - a scroll of enchant armour {unknown}
 o - a scroll of identify {unknown}
Potions
 g - a potion of resistance {unknown}
 i - a potion of heal wounds {unknown}
 j - a potion of might
 l - a potion of mutation {unknown}
Books
 c - Vuthaq's Almanac of Flames

   Spells                             Type                      Level
   a - Flame Tongue                   Conjuration/Fire             1
   b - Inner Flame                    Hexes/Fire                   3
 e - the Tome of Earth

   Spells                             Type                      Level
   a - Sandblast                      Earth                        1
   b - Stone Arrow                    Conjuration/Earth            3
Comestibles
 f - a bread ration
 k - 2 beef jerkies
 p - 5 chunks of flesh


   Skills:
 - Level 4.3 Fighting
 - Level 1.0 Maces & Flails
 + Level 0.8 Dodging
 - Level 1.1 Stealth
   Level 1.1 Shields
 + Level 2.2 Spellcasting
 + Level 1.6 Conjurations
 + Level 1.8 Fire Magic
 * Level 2.7 Earth Magic


You had 2 spell levels left.
You knew the following spells:

 Your Spells              Type           Power        Failure   Level  Hunger
a - Flame Tongue          Conj/Fire      #....        14%         1    #......
b - Sandblast             Erth           #.....       10%         1    #......
c - Stone Arrow           Conj/Erth      #.....       30%         3    ###....


Dungeon Overview and Level Annotations

Branches:
Dungeon (2/15)

Altars:
Yredelemnul

Annotations:
D:2 Natasha, Sigmund


Innate Abilities, Weirdness & Mutations

You are resistant to torment.
Your stone body is resilient. (AC +3)
You are immune to poison.
You resist negative energy. (rN+)
You are resistant to electric shocks. (rElec)
You can survive without breathing.
You are immune to petrification.
You are immune to rotting.


Message History

Natasha claws you. Natasha misses you.
You closely miss Natasha.
Natasha is heavily wounded.
Natasha closely misses you.
You hit Natasha.
Natasha is severely wounded.
Natasha claws you!
* * * LOW HITPOINT WARNING * * *
You closely miss Natasha.
Natasha is severely wounded.
Natasha barely misses you. Natasha claws you.
* * * LOW HITPOINT WARNING * * *
It was a potion of might.
You feel very mighty all of a sudden.
Natasha mumbles some strange words.
You closely miss Natasha.
Natasha is heavily wounded.
Natasha stares at you and mumbles some strange words.
The magic dart hits you!
You die...

##.....#.......$.
##...#.#...#
##.....#.##
#.##.##.#
#.##.##.#
.....##.#
.###..##.# #.
#..##.# # #..##@#
...##h# #...#5#
... ..>.. ###.#.#
..... ...... ###
...


You could see Natasha and a crimson imp.

Vanquished Creatures
  Natasha (D:2)
  An adder (D:2)
  2 oozes (D:1)
  A worm (D:2)
  A dart slug (D:1)
  2 giant geckos
  2 giant cockroaches
  3 goblins
  4 hobgoblins
  3 jackals (D:1)
  A ball python (D:2)
  3 bats (D:1)
  2 giant newts (D:1)
  3 kobolds (D:1)
  4 rats (D:1)
33 creatures vanquished.

Notes
Turn   | Place    | Note
--------------------------------------------------------------
     0 | D:1      | AlphabetPasta the Gargoyle Wanderer began the quest for the Orb.
     0 | D:1      | AlphabetPasta set off with: a +2 mace, the Tome of Earth, Vuthaq's Almanac of Flames, a +0 robe, a bread ration
     0 | D:1      | Reached XP level 1. HP: 16/16 MP: 3/3
     0 | D:1      | Identified the Tome of Earth
     0 | D:1      | Identified Vuthaq's Almanac of Flames
     2 | D:1      | Learned a level 1 spell: Flame Tongue
     4 | D:1      | Learned a level 1 spell: Sandblast
   106 | D:1      | Reached XP level 2. HP: 17/20 MP: 1/5
   130 | D:1      | Reached skill level 1 in Earth Magic
   336 | D:1      | Reached XP level 3. HP: 21/24 MP: 6/6
   787 | D:2      | Reached skill level 1 in Conjurations
   792 | D:2      | Learned a level 3 spell: Stone Arrow
   811 | D:2      | Noticed Sigmund
   914 | D:2      | Found a basalt altar of Yredelemnul.
  1024 | D:2      | Noticed Natasha
  1031 | D:2      | Killed Natasha
  1031 | D:2      | Reached XP level 4. HP: 23/30 MP: 7/7
  1089 | D:2      | Noticed Natasha
  1105 | D:2      | Killed from afar by Natasha

Vault maps used:
D:1:      erik_arrival_gehennom
D:2:      old_standard_altar, minmay_cupped, uniq_natasha, uniq_sigmund

Skill      XL: |  1  2  3 |
---------------+----------+-----
Earth Magic    | 1 2 |  2.7
Conjurations   | 1 |  1.6
Fighting       | |  4.3
Maces & Flails | |  1.0
Dodging        | |  0.8
Stealth        | |  1.1
Shields        | |  1.1
Spellcasting   | |  2.2
Fire Magic     | |  1.8

Action                   |  1- 3 |  4- 6 || total
-------------------------+-------+-------++-------
Melee: Mace              |    59 |    10 ||    69
 Cast: Sandblast         |     9 |     7 ||    16
       Flame Tongue      |     8 |       ||     8
  Use: Potion            |       |     1 ||     1
 Stab: Sleeping          |     3 |       ||     3
  Eat: Chunk             |     1 |       ||     1
Armor: Robe              |    20 |     1 ||    21
Dodge: Dodged            |    48 |    10 ||    58
